 Dungeon Sprint DCSS version 0.21.1-1-g345015f (webtiles) character file.

41358 Psiloshibe the Deadly Accurate (level 14, -3/133 HPs)
             Began as a Barachi Berserker on June 1, 2018.
             Was the Champion of Trog.
             Slain by a spriggan berserker
             ... wielding a +2 rapier of protection
              (27 damage)
             ... in the Dungeon (Sprint IX: "|||||||||||||||||||||||||||||").
             The game lasted 00:24:24 (3381 turns).

Psiloshibe the Deadly Accurate (Barachi Berserker)  Turns: 3381, Time: 00:24:27

Health: -3/133     AC: 25    Str: 23    XL:     14   Next: 15%
Magic:  20/20      EV: 14    Int:  7    God:    Trog [******]
Gold:   1471       SH:  0    Dex: 13    Spells: 13/13 levels left

rFire    . . .     SeeInvis .   a - +5 great sword of Big Damage {flame, rElec rC+}
rCold    + . .     Gourm    .   (shield currently unavailable)
rNeg     . . .     Faith    .   Q - +2 plate armour
rPois    .         Spirit   .   L - +0 helmet "Koivatu" {+Fly} (curse)
rElec    +         Reflect  .   t - +0 cloak
rCorr    .         Harm     .   (no gloves)
MR       +++..     NoTele   +   (no boots)
Stlth    ..........             (no amulet)
HPRegen  1.32/turn              v - +2 ring of protection
MPRegen  0.17/turn              w - +2 ring of evasion

@: regenerating, slow
A: +LOS, swims, slowness 1, strong legs 2
a: Hop, Berserk, Trog's Hand, Brothers in Arms, Burn Spellbooks, Renounce
Religion, Evoke Flight


You were in the Dungeon.
You worshipped Trog.
Trog was exalted by your worship.
You were not hungry.

You visited 1 branch You collected 1911 gold pieces.
You spent 440 gold pieces at shops.

Inventory:

Hand Weapons
 a - the +5 great sword of Big Damage (weapon) {flame, rElec rC+}
   (Trog gifted it to you in the Dungeon)

   It has been specially enchanted to burn those struck by it, causing extra
   injury to most foes and up to half again as much damage against particularly
   susceptible opponents.
   Big, fiery blades are also staple armaments of hydra-hunters.
   It protects you from cold.
   It insulates you from electricity.
 b - a +6 scimitar of holy wrath
 n - a +4 antimagic great sword
 r - a +3 antimagic triple sword
 F - a +4 vampiric triple sword
 H - a +1 great sword of holy wrath
 I - a +0 great sword of protection
 K - a +2 demon blade of electrocution
Missiles
 o - 6 tomahawks of returning (quivered)
 B - 10 needles of paralysis
 D - 10 needles of confusion
 G - 32 needles of sleeping
 J - 4 tomahawks of dispersal
 S - 5 silver javelins
 T - 4 poisoned tomahawks
 U - 5 silver tomahawks
Armour
 t - a +0 cloak (worn)
 L - the cursed +0 helmet "Koivatu" (worn) {+Fly}
   (You found it in the Dungeon)

   It lets you fly.
   It has a curse placed upon it.
 Q - a +2 plate armour (worn)
Jewellery
 v - a +2 ring of protection (left hand)
 w - a +2 ring of evasion (right hand)
 O - an uncursed ring of ice
 P - an uncursed ring of fire
Wands
 m - a wand of iceblast (8)
Scrolls
 i - 3 scrolls of blinking
 l - 3 scrolls of remove curse
 u - a scroll of identify
 y - 2 scrolls of fear
 z - 7 scrolls of enchant armour
 A - 2 scrolls of fog
 R - 2 scrolls of enchant weapon
Potions
 d - 5 potions of curing
 e - 5 potions of heal wounds
 f - a potion of haste
 g - 4 potions of magic
 h - a potion of berserk rage
 j - 3 potions of agility
 k - a potion of invisibility
 q - 2 potions of might
 s - a potion of resistance
Books
 x - a book of Battle

   Spells                             Type                      Level
   a - Infusion                       Charms                       1
   b - Shroud of Golubria             Charms/Translocation         2
   c - Song of Slaying                Charms                       2
   d - Spectral Weapon                Hexes/Charms                 3
   e - Regeneration                   Charms/Necromancy            3
   Trog disapproves of the use of such an item.
 E - a book of Clouds

   Spells                             Type                      Level
   a - Poisonous Vapours              Poison/Air                   2
   b - Mephitic Cloud                 Conjuration/Poison/Air       3
   c - Conjure Flame                  Conjuration/Fire             3
   d - Freezing Cloud                 Conjuration/Ice/Air          6
   e - Ring of Flames                 Charms/Fire                  7
   Trog disapproves of the use of such an item.
Miscellaneous
 C - a lightning rod (3/4)
Comestibles
 c - 11 rations
 p - 5 chunks of flesh


   Skills:
 * Level 19.1 Fighting
 + Level 20.2 Long Blades
 * Level 20.9 Throwing
 * Level 17.3 Armour
 + Level 9.7 Dodging
 + Level 2.8 Stealth
 * Level 8.6 Evocations


You had 13 spell levels left.
You didn't know any spells.

Dungeon Overview and Level Annotations

Branches:
Dungeon (1/1)

Altars:
Cheibriados
Dithmenos
Elyvilon
Fedhas
Gozag
Hepliaklqana
Kikubaaqudgha
Makhleb
Nemelex Xobeh
Okawaru
Qazlal
Ru
Sif Muna
Trog
Uskayaw
Vehumet
Wu Jian
Xom
Yredelemnul
Zin
The Shining One
Beogh
Jiyva
Lugonu

Shops:
D }(::


Innate Abilities, Weirdness & Mutations

Shadows flee at your approach. (+LOS)
You can swim through water.
You cover ground slowly.
You can hop long distances.


Message History

The stone giant hits you.
* * * LOW HITPOINT WARNING * * *
Evoke which item? (* to show all) (? for menu, Esc to quit)
Aiming: Thunderbolt
Press: ? - help, Shift-Dir - straight line, f/p - stone giant
Aim: a stone giant (almost dead)
The thunderbolt hits the stone giant.
You kill the stone giant!
Trog accepts your kill.
Your lightning rod (4/4) has regained three charges.
The thunderbolt hits the spriggan berserker.
The spriggan berserker is severely wounded.
The thunderbolt hits the elephant.
The elephant is almost dead.
The thunderbolt hits the great orb of eyes.
The great orb of eyes is almost dead.
The thunderbolt hits the death yak.
The death yak is heavily wounded.
The spriggan berserker hits you with a rapier of protection!!
You die...

▓.▓.▓.▓.▓.▓.▓.▓.▓.
▓.▓.▓.▓.▓=▓.▓.▓.▓.
▓.▓.▓.▓.▓.▓.▓.▓.▓.
▓.▓.▓.▓.▓=▓.▓)▓.▓.
▓.▓.▓.▓.▓.▓.▓)▓.▓.
▓.▓.♣'♣.▓)▓.▓.▓.▓)
▓(▓.♣÷♣.▓)▓.▓)▓.▓.
▓(▓.♣.♣.▓)▓.▓)▓.▓.
▓@▓.♣.♣.▓)▓.▓)▓.▓†
▓i▓.♣.♣.▓)▓.▓)▓.▓÷
▓Y▓.♣†♣.▓)▓.▓)▓.▓.
▓G▓.♣.♣.▓)▓.▓)▓.▓÷
▓.▓.♣.♣.▓)▓.▓[▓.▓.
▓Y▓.♣.♣.▓.▓.▓)▓.▓.
▓i▓.♣.♣.▓[▓.▓)▓.▓.
▓u▓.▓)▓.▓[▓.▓)▓.▓.
▓.▓.▓)▓.▓.▓.▓(▓.▓.


You could see a death yak (berserk), an elephant (berserk), a great orb of eyes,
a brown ugly thing, a spriggan berserker (berserk) and a spriggan air mage.

Vanquished Creatures
  A tentacled monstrosity (D)
  Donald (D)
  A fire giant (D)
  A stone giant (D)
  A spark wasp (D)
  Snorg (D)
  2 ettins (D)
  A merfolk impaler (D)
  3 great orbs of eyes (D)
  A rakshasa (D)
  A yaktaur captain (D)
  An anaconda (D)
  A naga warrior (D)
  3 centaur warriors (D)
  2 ogre magi (D)
  A deep troll shaman (D)
  A deep troll earth mage (D)
  A hell knight (D)
  2 spriggan berserkers (D)
  3 deep trolls (D)
  3 sea snakes (D)
  A naga ritualist (D)
  An orc knight (D)
  An orc sorcerer (D)
  2 guardian serpents (D)
  4 black mambas (D)
  Psyche (D)
  3 spiny frogs (D)
  A komodo dragon (D)
  3 merfolk (D)
  A meliai (D)
  2 tyrant leeches (D)
  2 trolls (D)
  A wind drake (D)
  2 blink frogs (D)
  A slime creature (D)
  A hippogriff (D)
  A snapping turtle (D)
  2 yaks (D)
  A tarantella (D)
  A wraith (D)
  Eustachio (D)
  A vampire mosquito (D)
  An acid dragon (D)
  A porcupine (D)
  A water moccasin (D)
  12 orc warriors (D)
  A crocodile (D)
  A big kobold (D)
  A bullfrog (D)
  A scorpion (D)
  A wight (D)
  A howler monkey (D)
  A crimson imp (D)
  A hound (D)
  6 orc priests (D)
  7 orc wizards (D)
  A shadow imp (D)
  A dart slug (D)
  A leopard gecko (D)
  3 orcs (D)
  A ball python (D)
  A giant cockroach zombie (D)
  A kobold (D)
  A quokka skeleton (D)
  2 rats (D)
114 creatures vanquished.

Vanquished Creatures (collateral kills)
  A thorn hunter (D)
  2 emperor scorpions (D)
  A spark wasp (D)
  An ogre mage (D)
  2 hydras (D)
  An iron troll (D)
  An unseen horror (D)
  A deep troll (D)
  A swamp dragon (D)
  An orb spider (D)
  A wolf spider (D)
  4 spiny frogs (D)
  2 trolls (D)
  A tyrant leech (D)
  A hippogriff (D)
  A blink frog (D)
  2 slime creatures (D)
  A bog body (D)
  A redback (D)
  2 tarantellas (D)
  A basilisk (D)
  A water moccasin (D)
  A porcupine (D)
  An orc warrior (D)
  A centaur (D)
  A bullfrog (D)
  A worker ant (D)
35 creatures vanquished.

Vanquished Creatures (others)
  A swamp drake (D)
1 creature vanquished.

Grand Total: 150 creatures vanquished

Notes
Turn   | Place    | Note
-------+----------+-------------------------------------------
     0 | D        | Psiloshibe the Barachi Berserker began the quest for the Orb.
     0 | D        | Reached XP level 1. HP: 18/18 MP: 1/1
     7 | D        | Reached ** piety under Trog
    23 | D        | Noticed an orc priest
    23 | D        | Noticed a hound
    23 | D        | Noticed an orc priest
    28 | D        | Killed an orc priest
    28 | D        | Reached skill level 5 in Fighting
    28 | D        | Reached XP level 2. HP: 28/28 MP: 2/2
    28 | D        | Reached XP level 3. HP: 34/34 MP: 3/3
    31 | D        | Reached *** piety under Trog
    31 | D        | Reached skill level 1 in Throwing
    31 | D        | Reached XP level 4. HP: 41/41 MP: 4/4
    76 | D        | Found a roughly hewn altar of Beogh.
    76 | D        | Found a snail-covered altar of Cheibriados.
    76 | D        | Found a shadowy altar of Dithmenos.
    76 | D        | Found a white marble altar of Elyvilon.
    76 | D        | Found a blossoming altar of Fedhas.
    76 | D        | Found an opulent altar of Gozag.
    76 | D        | Found a hazy altar of Hepliaklqana.
    77 | D        | Found a viscous altar of Jiyva.
    78 | D        | Found an ancient bone altar of Kikubaaqudgha.
    79 | D        | Found a corrupted altar of Lugonu.
    80 | D        | Found a burning altar of Makhleb.
    81 | D        | Found a sparkling altar of Nemelex Xobeh.
    82 | D        | Found an iron altar of Okawaru.
    83 | D        | Found a stormy altar of Qazlal.
    84 | D        | Found a sacrificial altar of Ru.
    85 | D        | Found a deep blue altar of Sif Muna.
    86 | D        | Found a bloodstained altar of Trog.
    87 | D        | Found a hide-covered altar of Uskayaw.
    88 | D        | Found a radiant altar of Vehumet.
    89 | D        | Found an ornate altar of the Wu Jian Council.
    90 | D        | Found a shimmering altar of Xom.
    91 | D        | Found a basalt altar of Yredelemnul.
    92 | D        | Found a glowing silver altar of Zin.
    93 | D        | Found a glowing golden altar of the Shining One.
   153 | D        | Noticed a big kobold
   158 | D        | Killed a big kobold
   158 | D        | Reached XP level 5. HP: 49/49 MP: 5/5
   161 | D        | Reached **** piety under Trog
   161 | D        | Reached skill level 5 in Dodging
   168 | D        | Reached XP level 6. HP: 57/57 MP: 6/6
   179 | D        | Reached skill level 10 in Long Blades
   179 | D        | Reached skill level 5 in Throwing
   179 | D        | Reached skill level 5 in Armour
   191 | D        | Noticed a meliai
   191 | D        | Noticed a slime creature
   191 | D        | Noticed an orc warrior
   197 | D        | Killed a meliai
   197 | D        | Reached ***** piety under Trog
   197 | D        | Reached skill level 10 in Fighting
   197 | D        | Reached skill level 1 in Stealth
   197 | D        | Reached XP level 7. HP: 25/66 MP: 7/7
   199 | D        | Killed a slime creature
   201 | D        | Killed an unseen horror
   201 | D        | Reached XP level 8. HP: 27/75 MP: 8/8
   204 | D        | Received a gift from Trog
   523 | D        | Noticed a spiny frog
   523 | D        | Noticed a blink frog
   523 | D        | Noticed a seven-headed hydra
   523 | D        | Noticed a spiny frog
   523 | D        | Noticed a yak
   529 | D        | Killed a spiny frog
   535 | D        | Killed a seven-headed hydra
   536 | D        | Reached XP level 9. HP: 82/82 MP: 9/9
   537 | D        | Noticed a komodo dragon
   550 | D        | Killed a spiny frog
   564 | D        | Killed a komodo dragon
   595 | D        | Received a gift from Trog
   603 | D        | Reached skill level 15 in Long Blades
   647 | D        | Noticed a spiny frog
   652 | D        | Noticed an eight-headed hydra
   667 | D        | Reached skill level 10 in Throwing
   667 | D        | Reached XP level 10. HP: 63/93 MP: 10/10
   668 | D        | Killed an eight-headed hydra
   668 | D        | Received a gift from Trog
   670 | D        | Killed a spiny frog
   696 | D        | Noticed a spiny frog
   696 | D        | Noticed a spiny frog
   697 | D        | Noticed a spiny frog
   708 | D        | Killed a spiny frog
   708 | D        | Received a gift from Trog
   794 | D        | Killed a spiny frog
   794 | D        | Received a gift from Trog
   811 | D        | Killed a spiny frog
   979 | D        | Noticed Psyche
   988 | D        | Killed Psyche
  1079 | D        | Received a gift from Trog
  1092 | D        | Reached skill level 10 in Armour
  1094 | D        | Reached skill level 15 in Fighting
  1099 | D        | Received a gift from Trog
  1141 | D        | Got a twisted great sword {god gift}
  1142 | D        | Identified the +5 great sword of Big Damage {flame, rElec rC+} (Trog gifted it to you in the Dungeon)
  1160 | D        | Noticed an orc knight
  1169 | D        | Noticed an orc sorcerer
  1170 | D        | Killed an orc knight
  1174 | D        | Received a gift from Trog
  1174 | D        | Reached XP level 11. HP: 62/102 MP: 11/11
  1181 | D        | Killed an orc sorcerer
  1205 | D        | Reached ****** piety under Trog
  1205 | D        | Received a gift from Trog
  1292 | D        | Found Eplah's Gadget Emporium.
  1292 | D        | Noticed a deep troll
  1292 | D        | Noticed an ogre mage
  1292 | D        | Noticed an iron troll
  1292 | D        | Noticed a deep troll
  1292 | D        | Noticed an ogre mage
  1295 | D        | Found Cuhoz's Antique Weapon Shoppe.
  1298 | D        | Noticed an ettin
  1299 | D        | Killed a deep troll
  1332 | D        | Killed an iron troll
  1334 | D        | Killed a deep troll
  1337 | D        | Killed an ogre mage
  1337 | D        | Received a gift from Trog
  1343 | D        | Killed an ettin
  1356 | D        | Killed an ogre mage
  1650 | D        | Found Such's Book Emporium.
  1654 | D        | Found Humpoll's Book Shoppe.
  1656 | D        | Noticed a deep troll
  1658 | D        | Noticed an ogre mage
  1658 | D        | Bought a lightning rod (4/4) for 440 gold pieces
  1664 | D        | Killed a deep troll
  1669 | D        | Noticed a deep troll
  1670 | D        | Killed an ogre mage
  1670 | D        | Reached skill level 15 in Throwing
  1678 | D        | Killed a deep troll
  1678 | D        | Received a gift from Trog
  1775 | D        | Noticed Eustachio
  1780 | D        | Killed Eustachio
  1780 | D        | Received a gift from Trog
  1780 | D        | Reached XP level 12. HP: 111/111 MP: 12/12
  1882 | D        | Got the cursed +0 helmet "Koivatu" {+Fly}
  1943 | D        | Noticed a centaur warrior
  1943 | D        | Noticed a centaur warrior
  1949 | D        | Noticed a fire giant
  1952 | D        | Killed a centaur warrior
  1953 | D        | Noticed a great orb of eyes
  1954 | D        | Noticed a spark wasp
  1957 | D        | Killed a centaur warrior
  1957 | D        | Received a gift from Trog
  1963 | D        | Noticed a deep troll earth mage
  1968 | D        | Killed a fire giant
  1978 | D        | Killed a great orb of eyes
  1980 | D        | Killed a deep troll earth mage
  1980 | D        | Received a gift from Trog
  1982 | D        | Noticed a hell knight
  1992 | D        | HP: 3/113 [spark wasp (5)]
  1993 | D        | Killed a spark wasp
  1993 | D        | Received a gift from Trog
  1996 | D        | Killed a hell knight
  1996 | D        | Received a gift from Trog
  2029 | D        | Noticed a centaur warrior
  2036 | D        | Killed a centaur warrior
  2041 | D        | Noticed a rakshasa
  2049 | D        | Killed a rakshasa
  2049 | D        | Reached skill level 1 in Evocations
  2387 | D        | Noticed a thorn hunter
  2399 | D        | Killed a thorn hunter
  2403 | D        | Received a gift from Trog
  2714 | D        | Noticed a merfolk impaler
  2725 | D        | Received a gift from Trog
  2725 | D        | Gained mutation: You can hop long distances. [Barachi growth]
  2725 | D        | Reached XP level 13. HP: 80/120 MP: 2/14
  2731 | D        | Received a gift from Trog
  2733 | D        | Killed a merfolk impaler
  2837 | D        | Received a gift from Trog
  2839 | D        | Received a gift from Trog
  2841 | D        | Reached skill level 15 in Armour
  2844 | D        | Reached skill level 5 in Evocations
  2975 | D        | Noticed an emperor scorpion
  2975 | D        | Noticed a spark wasp
  2975 | D        | Noticed an emperor scorpion
  2976 | D        | Received a gift from Trog
  3005 | D        | Killed an emperor scorpion
  3011 | D        | Killed a spark wasp
  3013 | D        | Killed an emperor scorpion
  3013 | D        | Received a gift from Trog
  3017 | D        | Received a gift from Trog
  3264 | D        | Noticed Donald
  3269 | D        | Noticed Snorg
  3274 | D        | Killed Donald
  3281 | D        | Killed Snorg
  3352 | D        | Noticed a yaktaur captain
  3352 | D        | Noticed a great orb of eyes
  3352 | D        | Noticed an ettin
  3352 | D        | Noticed a tentacled monstrosity
  3353 | D        | Noticed a great orb of eyes
  3357 | D        | Noticed a stone giant
  3358 | D        | Killed a yaktaur captain
  3358 | D        | Received a gift from Trog
  3359 | D        | Killed a great orb of eyes
  3359 | D        | Received a gift from Trog
  3363 | D        | Noticed a great orb of eyes
  3366 | D        | Killed a tentacled monstrosity
  3366 | D        | Received a gift from Trog
  3366 | D        | Reached XP level 14. HP: 104/131 MP: 19/19
  3381 | D        | Killed a stone giant
  3381 | D        | Slain by a spriggan berserker

Skill      XL: |  1  2  3  4  5  6  7  8  9 10 11 12 13 14 |
---------------+-------------------------------------------+-----
Fighting       | 5 6 7 8 10 11 12 13 15 16 17 18 19 | 19.1
Long Blades    | 6 8 9 11 12 13 15 17 18 19 20 | 20.2
Armour         | 3 4 5 6 8 10 12 14 16 17 | 17.3
Dodging        | 3 4 5 6 7 8 9 |  9.7
Throwing       | 1 3 4 6 7 8 10 11 15 18 20 | 20.9
Stealth        | 1 2 |  2.8
Evocations     | 2 7 8 |  8.6

Action                   |  1- 3 |  4- 6 |  7- 9 | 10-12 | 13-15 || total
-------------------------+-------+-------+-------+-------+-------++-------
Melee: Falchion          |    15 |    10 |       |       |       ||    25
       Scimitar          |       |    28 |    47 |    58 |       ||   133
       Great sword       |       |       |       |    74 |    28 ||   102
Throw: Javelin           |       |       |     5 |    41 |     6 ||    52
       Tomahawk          |       |       |       |    61 |    17 ||    78
Invok: Trog's Hand       |     1 |     1 |     5 |    15 |     2 ||    24
       Berserk           |     1 |       |       |       |       ||     1
       Brothers in Arms  |       |       |     4 |     5 |     1 ||    10
 Abil: Hop               |       |       |       |     1 |     1 ||     2
Evoke: Wand              |       |       |     1 |     1 |       ||     2
       Lightning rod     |       |       |       |     6 |    17 ||    23
  Use: Potion            |       |     1 |       |     3 |     1 ||     5
  Eat: Chunk             |       |       |     4 |    12 |     3 ||    19
       Ration            |       |       |       |     1 |       ||     1
Armor: Animal skin       |     1 |       |       |       |       ||     1
       Chain mail        |       |    12 |       |       |       ||    12
       Plate armour      |       |       |    19 |    65 |    26 ||   110
Dodge: Dodged            |    12 |    15 |    21 |    63 |    23 ||   134
       Rpst.: Falchion   |     2 |       |       |       |       ||     2
       Scimitar          |       |     3 |     2 |     7 |       ||    12
       Great sword       |       |       |       |    12 |     3 ||    15
